 Dungeon Crawl Stone Soup version 0.31-a0-978-g1e143483b6 (webtiles) character file.

Game seed: 18226417953997201448

517 Dirtsage the Insei (level 7, -2/46 HPs)
             Began as an Octopode Shapeshifter on Oct 30, 2023.
             Killed from afar by an orc wizard (6 damage)
             ... with a magic dart
             ... on level 5 of the Dungeon.
             The game lasted 00:06:02 (3294 turns).

Dirtsage the Insei (Octopode Shapeshifter)          Turns: 3294, Time: 00:06:03

Health: -2/46      AC:  1    Str: 13    XL:     7   Next: 20%
Magic:  7/7        EV: 13    Int: 13    God:
Gold:   252        SH:  0    Dex: 13    Spells: 6/6 levels left

rFire   . .          .
                       - Unarmed
rCold   + . .        (no shield)
rNeg    . . .        (helmet currently unavailable)
rPois   .            (no amulet)
rElec   .            W - ring of wizardry
rCorr   .            I - ring of protection from cold
SInv    .            (no ring)
Will    .....        (no ring)
Stlth   ++           (no ring)
HPRegen 0.27/turn    (no ring)
MPRegen 0.10/turn    (no ring)
                     (no ring)

%: wizardry (x1)
@: brilliant, beast-form
A: beast (slay +2), almost no armour, amphibious, 8 rings, camouflage 1,
gelatinous body 1, (nimble swimmer 1), tentacles
a: Begin Untransformation


You were on level 5 of the Dungeon.
You were a hulking beast.
You visited 1 branch of the dungeon, and saw 7 of its levels.

You collected 252 gold pieces.

Inventory:

Jewellery
 I - a ring of protection from cold (right tentacle)
 W - a ring of wizardry (left tentacle)
Talismans
 b - a beast talisman
 c - a flux talisman
 m - a storm talisman
Scrolls
 d - a scroll of fog
 e - a scroll of enchant armour {unknown}
 g - a scroll of fear
 j - 2 scrolls of immolation
 l - a scroll of revelation
 t - 4 scrolls of teleportation
Potions
 f - a potion of enlightenment {unknown}
 h - 2 potions of attraction
 i - a potion of heal wounds {unknown}
 k - a potion of berserk rage {unknown}
 n - a potion of haste {unknown}
 p - a potion of lignification


   Skills:
 + Level 3.2 Fighting
 - Level 2.0 Dodging
 * Level 5.6 Unarmed Combat
 * Level 5.2 Shapeshifting


You had 6 spell levels left.
You didn't know any spells.
Your spell library contained the following spells:

 Spells                   Type           Power      Damage    Failure   Level
 Slow                     Hex            0%         N/A       12%         1
 Sublimation of Blood     Necr           0%         N/A       19%         2
 Confusing Touch          Hex            0%         N/A       34%         3
 Ozocubu's Armour         Ice            0%         N/A       34%         3
 Sigil of Binding         Hex            0%         N/A       34%         3
 Vampiric Draining        Necr           0%         2d6       34%         3
 Petrify                  Tmut/Erth      0%         N/A       73%         4
 Alistair's Intoxication  Tmut/Pois      0%         N/A       96%         5
 Borgnjor's Vile Clutch   Necr/Erth      0%         N/A       96%         5
 Irradiate                Conj/Tmut      0%         3d11      96%         5
 Eringya's Noxious Bog    Tmut/Pois      0%         4d6       100%        6
 Ozocubu's Refrigeration  Ice            0%         4d7       100%        7


Dungeon Overview and Level Annotations

Branches:
Dungeon (7/15)
 Temple: D:4-7

Altars:

Annotations:
D:3 1 runed translucent door, Crazy Yiuf


Innate Abilities, Weirdness & Mutations

You are a hulking beast.
Your limbs bulge with bestial killing power. (Slay +2)
You cannot wear most types of armour.
You are amphibious.
You can wear up to eight rings at the same time.
Your skin changes colour to match your surroundings (Stealth+).
Your rubbery body absorbs attacks. (AC +1, EV +1)
((You are camouflaged when in or above water. (Stealth+)))
You have tentacles for arms and can constrict up to eight enemies at once.


Message History

The magic dart hits you.
You take 2 damage, and have 31/46 hp.
You closely miss something. You tentacle-slap the orc. You grab the orc.
The orc is moderately wounded.
You constrict the orc. You bludgeon the orc!
You kill the orc!
Something hits you.
You take 2 damage, and have 29/46 hp.
You closely miss something. Something hits you but does no damage.
You closely miss something. You barely miss something. You squeeze something!
You hear some strange, mumbled words.
A puff of flame appears from out of thin air!
The puff of flame hits you!
You take 12 damage, and have 17/46 hp.
MASSIVE DAMAGE!!
Okay, then.
Okay, then.
As you read the scroll of teleportation, it crumbles to dust.
You feel strangely unstable.
You hear some strange, mumbled words.
A magic dart appears from out of thin air!
The magic dart hits you.
* * * LOW HITPOINT WARNING * * *
The orc priest calls down the wrath of Beogh upon you.
Beogh smites you!
* * * LOW HITPOINT WARNING * * *
You take 12 damage, and have 5/46 hp.
MASSIVE DAMAGE!!
It was a potion of magic.
Magic courses through your body. Something hits you.
* * * LOW HITPOINT WARNING * * *
You take 4 damage, and have 1/46 hp.
It was a potion of brilliance.
You feel clever all of a sudden.
Your surroundings suddenly seem different.
There is a stone staircase leading down here.
You start resting.
A magic dart appears from out of thin air!
The magic dart hits you.
You die...

........# #.........
...........# #.........
...........###.........
............##.........
.............#.........
.............#.............
#........................
..#..............##........
..........h......## .......
..................# ......
#.................# .....
#................## ##...
##...###.....).#..# #....
#.... ##......#.######S...
.... #.....{#......{o...
#.## #####........#####.
##..#...## .


There were no monsters in sight!

Vanquished Creatures
  Sigmund (D:2)
  An ice beast (D:6)
  A scorpion (D:4)
  An iguana (D:4)
  An orc wizard (D:4)
  9 adders
  A dart slug (D:3)
  14 orcs
  9 ball pythons
  2 endoplasms
  10 goblins
  10 hobgoblins
  2 quokkas
  2 bats (D:3)
  3 frilled lizards (D:1)
  5 kobolds
  3 rats (D:3)
75 creatures vanquished.

Notes
Turn   | Place    | Note
-------+----------+-------------------------------------------
     0 | D:1      | Dirtsage the Octopode Shapeshifter began the quest for the
                  | Orb.
     0 | D:1      | Reached XP level 1. HP: 13/13 MP: 1/1
   256 | D:1      | Reached XP level 2. HP: 18/18 MP: 2/2
   996 | D:2      | Reached XP level 3. HP: 21/23 MP: 3/3
  1158 | D:2      | Noticed Sigmund
  1175 | D:2      | Killed Sigmund
  1176 | D:2      | Reached XP level 4. HP: 30/30 MP: 4/4
  1176 | D:2      | Reached XP level 5. HP: 35/35 MP: 5/5
  1793 | D:3      | Reached XP level 6. HP: 41/41 MP: 6/6
  2340 | D:3      | Found a runed translucent door.
  2341 | D:3      | Noticed Crazy Yiuf
  2688 | D:4      | Reached skill level 5 in Unarmed Combat
  2961 | D:4      | You fall into a shaft and drop 3 floors!
  2961 | D:6      | Identified the "Ugyll"
  2961 | D:6      | Identified the of Gurih
  2961 | D:6      | Identified the of Ceyrchak
  3004 | D:7      | Noticed a water moccasin
  3031 | D:6      | Reached skill level 5 in Shapeshifting
  3039 | D:6      | Noticed an ice beast
  3070 | D:6      | Killed an ice beast
  3071 | D:6      | Reached XP level 7. HP: 15/46 MP: 7/7
  3217 | D:5      | Entered Level 5 of the Dungeon
  3283 | D:5      | HP: 1/46 [something (4)]
  3294 | D:5      | Killed from afar by an orc wizard

Illustrated notes

Levels and vault maps discovered:
D:1:      ncdulo_wetmaze, layout_basic, serial_park_tiny_pond
D:2:      layout_rooms, uniq_sigmund
D:3:      layout_loops_ring, nicolae_half_adder, uniq_crazy_yiuf_cottage
D:4:      layout_basic, interstate_on_off, nicolae_zig_zag_zippers, uniq_pikel
D:5:      layout_cave_pools, temple_statues, serial_shops, kennysheep_mini
D:6:      layout_rooms, nicolae_sif_muna_little_library
D:7:      due_chaos_kobolds, layout_loops_ring, marbit_many_paths

Skill      XL: |  1  2  3  4  5  6 |
---------------+-------------------+-----
Fighting       | 2 3 |  3.2
Unarmed Combat | 4 5 |  5.6
Shapeshifting  | 4 5 |  5.2
Dodging        | |  2.0

Action                     |  1- 3 |  4- 6 |  7- 9 || total
---------------------------+-------+-------+-------++-------
  Melee: Unarmed           |    57 |    93 |    10 ||   160
         Constrict         |    12 |    25 |     2 ||    39
         Tentacles         |     9 |    16 |     1 ||    26
         Punch             |     1 |     2 |       ||     3
    Use: Potion            |     1 |       |     2 ||     3
         Scroll            |       |     6 |     1 ||     7
   Stab: Sleeping          |     5 |     9 |       ||    14
 Armour: Skin              |    24 |    28 |     9 ||    61
  Dodge: Dodged            |    28 |    38 |     2 ||    68

Table legend: (Time is in decaauts)
 A = Elapsed time spent in this place.
 B = Non-inter-level travel time spent in this place.
 C = Inter-level travel time spent in this place.
 D = Time resting spent in this place.
 E = Time spent auto-exploring this place.
 F = Levels seen in this place.
 G = Mean time per level.
                   A        B        C        D        E       F      G
               +--------+--------+--------+--------+--------+-----+--------+
         Total |   3277 |   3125 |    152 |    208 |   2354 |   7 |  468.1 |
       Dungeon |   3277 |   3125 |    152 |    208 |   2354 |   7 |  468.1 |
               +--------+--------+--------+--------+--------+-----+--------+

Top non-repeatable levels by time:
     D:3: 1054 daAuts
     D:1: 904 daAuts
     D:2: 541 daAuts
     D:4: 446 daAuts
     D:6: 188 daAuts
     D:5: 75 daAuts
     D:7: 65 daAuts
